 Dungeon Crawl Stone Soup version 0.18-a0-1589-g520a787 (webtiles) character file.

156 Geeful the Changer (level 5, -5/33 HPs)
             Began as an Octopode Transmuter on Mar 19, 2016.
             Slain by a river rat (9 damage)
             ... on level 3 of the Dungeon.
             The game lasted 00:07:55 (2439 turns).

Geeful the Changer (Octopode Transmuter)            Turns: 2439, Time: 00:07:55

Health: -5/33      AC:  2    Str:  9    XL:     5   Next: 38%
Magic:  4/10       EV: 20    Int: 16    God:
Gold:   129        SH:  0    Dex: 18    Spells: 2 memorised, 7 levels left

rFire  . . .     SeeInvis .       - Unarmed
rCold  . . .     Gourm    .     (shield currently unavailable)
rNeg   . . .     Faith    .     (helmet currently unavailable)
rPois  x         Spirit   .     (no amulet)
rElec  .         Dismiss  .     (no ring)
rCorr  .         Reflect  .     (no ring)
SustAt .         Harm     .     (no ring)
MR     .....                    (no ring)
Stlth  ++........               (no ring)
                                (no ring)
                                (no ring)
                                (no ring)

@: spider-form, very slightly contaminated, not resistant to hostile
enchantments, unstealthy
A: almost no armour, (amphibious), 8 rings, (constrict 8), (camouflage 0),
(gelatinous body 0)
a: End Transformation


You were on level 3 of the Dungeon.
You were not hungry.
You were a venomous arachnid creature.
You visited 1 branch of the dungeon, and saw 3 of its levels.

You collected 129 gold pieces.

Inventory:

Hand Weapons
 g - a +0 dagger
 h - a +2 dagger of electrocution (melded)
 v - a +0 dagger of protection
Missiles
 a - 52 arrows
Magical Staves
 w - an uncursed staff of summoning {unknown}
Scrolls
 j - a scroll of identify
 k - a scroll of fear
 s - a scroll of blinking
 t - a scroll of enchant armour
 u - a scroll of recharging {unknown}
Potions
 d - a potion of heal wounds {unknown}
 e - a potion of invisibility {unknown}
 f - a potion of beneficial mutation {unknown}
 i - 2 potions of degeneration {unknown}
 l - 2 potions of might {unknown}
 m - a potion of brilliance {unknown}
 n - a potion of flight {unknown}
 o - a potion of cancellation {unknown}
 x - a potion of agility {unknown}
Books
 b - a book of Changes

   Spells                             Type                      Level
   a - Beastly Appendage              Transmutation                1
   b - Sticks to Snakes               Transmutation                2
   c - Spider Form                    Transmutation/Poison         3
   d - Ice Form                       Ice/Transmutation            4
   e - Blade Hands                    Transmutation                5
Comestibles
 c - a bread ration
 p - a slice of pizza
 q - 3 meat rations
 r - 2 chunks of flesh


   Skills:
 - Level 1.0 Fighting
 - Level 2.0 Dodging
 - Level 3.0 Unarmed Combat
 + Level 3.6 Spellcasting
 + Level 4.2 Transmutations


You had 7 spell levels left.
You knew the following spells:

 Your Spells              Type           Power        Failure   Level  Hunger
a - Beastly Appendage     Trmt           ###...       12%         1    None
b - Spider Form           Trmt/Pois      #.........   41%         3    ###....


Dungeon Overview and Level Annotations

Branches:
Dungeon (3/15)

Altars:
Xom
The Shining One

Portals:
Sewer: D:3


Innate Abilities, Weirdness & Mutations

You cannot wear most types of armour.
((You are amphibious.))
You can wear up to eight rings at the same time.
((You can use your tentacles to constrict eight enemies at once.))
((Your skin changes colour to match your surroundings (Stealth).))
((Your rubbery body absorbs attacks (AC +1).))


Message History

The river rat bites you!
* * * LOW HITPOINT WARNING * * *
You release your grip on the river rat.
There is an open door here.
Casting: Spider Form
Confirm with . or Enter, or press ? or * to list all spells.
You miscast Spider Form.
You are very lightly contaminated with residual magic.
Wisps of poison gas drift from your tentacles.
The river rat misses you.
Casting: Spider Form
Confirm with . or Enter, or press ? or * to list all spells.
You turn into a venomous arachnid creature.
Your +2 dagger of electrocution melds into your body.
Your +2 dagger of electrocution stops crackling.
The river rat misses you.
You closely miss the river rat.
The river rat is heavily wounded.
The river rat bites you!
You die...

##########
#.≈≈≈#≈≈≈#
#...≈#≈∩≈#
#..≈≈#≈≈r#
#..≈≈#+#s#
#..≈≈≈≈≈≈#
##...≈≈.≈≈#
#......≈≈≈#
#.........#
#.##.######
#...†#
####†# #.#


You could see a river rat.

Vanquished Creatures
  4 adders
  4 gnolls (D:2)
  A river rat (D:3)
  An ooze (D:1)
  2 worms (D:2)
  2 dart slugs
  5 bats
  4 giant cockroaches
  6 hobgoblins
  5 jackals
  A kobold (D:2)
  A quokka (D:2)
  A ball python (D:3)
  3 giant newts
  10 goblins
  15 rats
65 creatures vanquished.

Notes
Turn   | Place    | Note
--------------------------------------------------------------
     0 | D:1      | Geeful the Octopode Transmuter began the quest for the Orb.
     0 | D:1      | Reached XP level 1. HP: 13/13 MP: 3/3
   266 | D:1      | Reached XP level 2. HP: 16/18 MP: 5/5
   718 | D:1      | Reached XP level 3. HP: 17/23 MP: 6/6
   972 | D:2      | Reached skill level 3 in Transmutations
  1011 | D:2      | Learned a level 3 spell: Spider Form
  1114 | D:2      | Reached XP level 4. HP: 23/28 MP: 8/8
  1134 | D:2      | Found a glowing golden altar of the Shining One.
  1742 | D:2      | Reached XP level 5. HP: 30/33 MP: 8/10
  1987 | D:2      | Found a shimmering altar of Xom.
  2212 | D:3      | Found a faded altar to an unknown god.
  2256 | D:3      | Reached skill level 4 in Transmutations
  2425 | D:3      | Found a glowing drain.
  2439 | D:3      | Slain by a river rat

Vault maps used:
D:1:      tarquinn_simple_flora_water_a, minmay_misc_feat_iff
D:2:      nicolae_tso_swordbearing_angel, nicolae_overflow_hidden_temple
D:3:      lemuel_doored_altar, portal_sewer_entry_e, ecumenical_altar_1,
          kennysheep_doodads

Skill      XL: |  1  2  3  4  5 |
---------------+----------------+-----
Transmutations | 3 4 |  4.2
Spellcasting   | 3 |  3.6
Fighting       | |  1.0
Dodging        | |  2.0
Unarmed Combat | |  3.0

Action                   |  1- 3 |  4- 6 || total
-------------------------+-------+-------++-------
Melee: Unarmed           |    16 |    11 ||    27
       Dagger            |    56 |    59 ||   115
 Cast: Spider Form       |       |     3 ||     3
  Use: Scroll            |       |     3 ||     3
 Stab: Sleeping          |     6 |     7 ||    13
  Eat: Chunk             |     1 |     4 ||     5
